 Dungeon Crawl Stone Soup version 0.14-a0-2061-g6c6fb9c (webtiles) character file.

249 RedPan the Ruinous (level 5, -1/28 HPs)
             Began as a Deep Elf Wizard on Jan 22, 2014.
             Slain by an orc wizard
             ... wielding a -1,+0 orcish dagger
              (4 damage)
             ... on Level 3 of the Dungeon on Jan 23, 2014.
             The game lasted 00:09:36 (2249 turns).

RedPan the Ruinous (Deep Elf Wizard)                Turns: 2249, Time: 00:09:36

HP  -1/28        AC  3     Str  5      XL: 5   Next: 14%
MP   8/18        EV 12     Int 23      God:
Gold 93          SH  0     Dex 13      Spells:  4 memorised,  4 levels left

rFire  . . .     SeeInvis .     o - +4,+2 elf dagger
rCold  . . .     Clarity  .     a - +0 elf robe
rNeg   . . .     Conserve .     (no shield)
rPois  .         rCorr    .     b - +0 elf hat
rElec  .         rRot     .     k - +0 cloak
SustAb . .       Spirit   .     (no gloves)
rMut   .         Warding  .     (no boots)
Saprov . . .     Stasis   .     (no amulet)
MR     .....                    (no ring)
                                (no ring)

@: slowed, very slow, not resistant to hostile enchantments, fairly stealthy
A: no striking features
a: no special abilities


You were on level 3 of the Dungeon.
You were hungry.

You visited 1 branch of the dungeon, and saw 3 of its levels.

You collected 93 gold pieces.

Inventory:

Hand weapons
 o - a +4,+2 elven dagger (weapon)
Missiles
 l - 5 needles of confusion
Armour
 a - a +0 elven robe (worn)
 b - a +0 elven hat (worn)
 k - a +0 cloak (worn)
Comestibles
 d - a bread ration
 q - a choko
 s - 2 meat rations
 v - 4 chunks of orc flesh
Scrolls
 e - a scroll of random uselessness {unknown}
 f - a scroll of immolation {unknown}
 h - 4 scrolls of identify {unknown}
 i - 2 scrolls of remove curse {unknown}
 n - a scroll of enchant weapon II {unknown}
Potions
 g - a potion of heal wounds {unknown}
 j - a potion of curing {unknown}
 m - a potion of mutation {unknown}
 p - a potion of might {unknown}
 r - a potion of agility {unknown}
 t - a potion of lignification {unknown}
Books
 c - a book of Minor Magic

   Spells                             Type                      Level
   *Magic Dart                        Conjuration                  1
   *Blink                             Translocation                2
   *Call Imp                          Summoning                    2
   Repel Missiles                     Charms/Air                   2
   Slow                               Hexes                        2
   Conjure Flame                      Conjuration/Fire             3
   *Mephitic Cloud                    Conjuration/Poison/Air       3


   Skills:
 - Level 2.4 Dodging
 - Level 2.4 Stealth
 - Level 4.4 Spellcasting
 * Level 5.3 Conjurations
 - Level 1.1 Summonings
 - Level 1.1 Translocations
 + Level 1.3 Poison Magic


You had 4 spell levels left.
You knew the following spells:

 Your Spells              Type           Power        Failure   Level  Hunger
a - Magic Dart            Conj           ####         1%          1    None
b - Blink                 Tloc           N/A          12%         2    None
c - Call Imp              Summ           ##........   12%         2    None
d - Mephitic Cloud        Conj/Pois/Air  ###.....     14%         3    ##.....


Dungeon Overview and Level Annotations

Branches:
Dungeon (3/16)

Altars:
Fedhas
Xom

Annotations:
D:3 lorenz's ghost, average FoVM


Message History

The orc wizard gestures at you while chanting.
The magic dart hits something.
Reactivating autopickup.
You feel a bit more experienced.
The orc wizard is engulfed in noxious fumes.
The orc wizard appears confused.
The orc wizard misses the orc wizard.
The orc is engulfed in noxious fumes.
The orc appears confused.
The orc completely misses the orc wizard.
The orc wizard mumbles some strange words.
The orc wizard blinks!
The orc wizard gestures wildly while chanting.
The orc wizard blinks!
Some of the chunks of flesh in your inventory have completely rotted away.
The orc wizard points at you and mumbles some strange words.
You feel yourself slow down.
The orc wizard hits you with an orcish dagger.
* * * LOW HITPOINT WARNING * * *
The orc wizard hits you with an orcish dagger.
You die...

##.##.##.###.#####....# # #.
#.# #.# ##.### #. #.# #.#
###.### #. #.# #.# #...... #.
#.###.# #...... #. #...#.#
#...... ##.## #. #...#.#
#......
.....(....#.##...#.####......
#............@o...#...........
#..........#.##...######......
#..........#.###########.#.###
##...............>..(.....)).##
...................)....[.....
#...........................
#..<.........).#########.###
#..............#########.#
#........................#


You could see an orc wizard.

Vanquished Creatures
  4 gnolls (D:2)
  3 adders (D:2)
  2 giant mites
  A worm (D:2)
  An ooze (D:2)
  5 orcs (D:3)
  4 bats
  4 giant cockroaches
  9 goblins
  6 hobgoblins
  3 jackals (D:1)
  4 kobolds
  A quokka (D:2)
  A ball python (D:1)
  3 giant newts
  6 rats
57 creatures vanquished.

Vanquished Creatures (others)
  An orc wizard (D:3)
1 creature vanquished.

Grand Total: 58 creatures vanquished

Notes
Turn   | Place    | Note
--------------------------------------------------------------
     0 | D:1      | RedPan, the Deep Elf Wizard, began the quest for the Orb.
     0 | D:1      | Reached XP level 1. HP: 10/10 MP: 6/6
   397 | D:1      | Reached XP level 2. HP: 15/15 MP: 4/9
   689 | D:1      | Learned a level 2 spell: Blink
   692 | D:1      | Learned a level 2 spell: Call Imp
   977 | D:2      | Found a shimmering altar of Xom.
   997 | D:2      | Reached XP level 3. HP: 17/19 MP: 2/12
  1276 | D:2      | Learned a level 3 spell: Mephitic Cloud
  1429 | D:2      | Reached XP level 4. HP: 24/24 MP: 10/15
  1835 | D:2      | Reached skill level 5 in Conjurations
  1925 | D:3      | Noticed lorenz's ghost (average FoVM)
  2048 | D:3      | Reached XP level 5. HP: 28/28 MP: 13/18
  2051 | D:3      | Reached skill level 1 in Poison Magic
  2158 | D:3      | Found a blossoming altar of Fedhas.
  2249 | D:3      | Slain by an orc wizard

Action                   |  1- 3 |  4- 6 || total
-------------------------+-------+-------++-------
Melee: Dagger            |    12 |       ||    12
 Cast: Magic Dart        |    79 |    64 ||   143
       Mephitic Cloud    |       |     3 ||     3
